 Dungeon Crawl Stone Soup version 0.19.1 (webtiles) character file.

595 empire the Cudgeler (level 7, -4/71 HPs)
             Began as a Troll Berserker on Dec 9, 2016.
             Was a Priest of Trog.
             Slain by an ogre
             ... wielding a cursed -2 giant spiked club
              (27 damage)
             ... on level 4 of the Dungeon.
             The game lasted 00:09:55 (2628 turns).

empire the Cudgeler (Troll Berserker)               Turns: 2628, Time: 00:09:56

Health: -4/71      AC:  9    Str: 27    XL:     7   Next: 17%
Magic:  6/6        EV: 11    Int:  3    God:    Trog [***...]
Gold:   191        SH:  0    Dex: 10    Spells: 0 memorised, 6 levels left

rFire  . . .     SeeInvis .     a - +1 mace
rCold  . . .     Gourm    +     k - +1 animal skin
rNeg   . . .     Faith    .     (no shield)
rPois  .         Spirit   .     (helmet restricted)
rElec  .         Reflect  .     o - +2 cloak
rCorr  .         Harm     .     (gloves unavailable)
MR     .....                    (boots unavailable)
Stlth  +.........               (no amulet)
                                (no ring)
                                (no ring)

@: no status effects
A: unfitting armour, claws 3, fast metabolism 3, gourmand, sense surroundings 1,
regeneration 1, shaggy fur 1, tough skin 2
a: Berserk, Trog's Hand, Burn Spellbooks, Renounce Religion


You were on level 4 of the Dungeon.
You worshipped Trog.
Trog was most pleased with you.
You were full.

You visited 1 branch of the dungeon, and saw 4 of its levels.

You collected 191 gold pieces.

Inventory:

Hand Weapons
 a - a +1 mace (weapon)
 b - a +0 hunting sling
 d - a +0 scythe
 s - a +2 quarterstaff of chaos
Missiles
 f - 35 arrows
 j - 24 bolts
 l - 40 stones (quivered)
 m - 11 poisoned needles
 r - 37 sling bullets
Armour
 k - a +1 animal skin (worn)
 o - a +2 cloak (worn)
Jewellery
 e - a +5 ring of strength {unknown}
 h - an uncursed ring of wizardry {unknown}
 p - an uncursed ring of ice {unknown}
Scrolls
 g - 2 scrolls of remove curse
 i - a scroll of enchant weapon
 n - a scroll of teleportation
 q - 2 scrolls of magic mapping
Comestibles
 c - 4 bread rations


   Skills:
 + Level 4.5 Fighting
 + Level 4.6 Maces & Flails
 + Level 4.4 Dodging


You had 6 spell levels left.
You didn't know any spells.

Dungeon Overview and Level Annotations

Branches:
Dungeon (4/15)
 Temple: D:4-7

Altars:
Okawaru
Qazlal
Ru
The Shining One


Innate Abilities, Weirdness & Mutations

You are too large for most types of armour.
You have claws for hands.
Your metabolism is lightning-fast.
You like to eat raw meat.
Your natural rate of healing is unusually fast.
You are covered in fur. (AC +1)
You have very tough skin. (AC +2)
You passively map a small area around you.


Message History

You closely miss the ogre.
The ogre hits you with a giant spiked club!
You hit the ogre but do no damage. The ogre completely misses you.
You hit the ogre.
The ogre is lightly wounded.
The ogre barely misses you.
You completely miss the ogre.
The ogre is lightly wounded.
The ogre closely misses you.
You closely miss the ogre.
The ogre is lightly wounded.
The ogre hits you with a giant spiked club!!
You hit the ogre but do no damage.
The ogre is lightly wounded.
You aren't carrying any potions.
Okay, then.
You hit the ogre.
The ogre is moderately wounded.
The ogre hits you with a giant spiked club!!
You die...

.......
#.......###.......##
.###.### *###.#####
##.....## * .# #.# *
#.# ##...## , .# #.# ,
#.# ##'## .# ..#
###[#### #.# .# .## ,
......# #.# * #.##.####
##.## , *
#..O....###...## * , ,
#@##.##.....##### , *
#.##.###........#* ,*
*#.............#.#
,.......##.######.#....
###.......# .###.#
######### .# *.# .. ##*


You could see an ogre.

Vanquished Creatures
  Grinder (D:4)
  Sigmund (D:3)
  A hound (D:4)
  Crazy Yiuf (D:3)
  Natasha (twice) (D:3)
  Ijyb (D:3)
  2 adders (D:2)
  A worm (D:2)
  4 dart slugs
  An orc (D:3)
  2 ball pythons
  3 giant cockroaches
  9 goblins
  8 hobgoblins
  10 jackals
  4 bats
  5 frilled lizards
  10 kobolds
  7 rats
73 creatures vanquished.

Notes
Turn   | Place    | Note
-------+----------+-------------------------------------------
     0 | D:1      | empire the Troll Berserker began the quest for the Orb.
     0 | D:1      | Reached XP level 1. HP: 22/22 MP: 0/0
   104 | D:1      | Reached XP level 2. HP: 22/29 MP: 1/1
   602 | D:1      | Reached ** piety under Trog
   622 | D:1      | Reached XP level 3. HP: 34/36 MP: 2/2
  1055 | D:2      | Found a glowing golden altar of the Shining One.
  1084 | D:2      | Found an iron altar of Okawaru.
  1184 | D:2      | Found a sacrificial altar of Ru.
  1261 | D:2      | Reached XP level 4. HP: 43/45 MP: 3/3
  1567 | D:3      | Noticed Natasha
  1576 | D:3      | Killed Natasha
  1584 | D:3      | Noticed Natasha
  1593 | D:3      | Killed Natasha
  1758 | D:3      | Noticed Sigmund
  1781 | D:3      | Gained mutation: You passively map a small area around you. [potion of beneficial mutation]
  1783 | D:3      | Lost intelligence.
  1789 | D:3      | Killed Sigmund
  1789 | D:3      | Reached XP level 5. HP: 47/54 MP: 4/4
  1789 | D:3      | Reached XP level 6. HP: 54/62 MP: 5/5
  1921 | D:3      | Noticed Ijyb
  1942 | D:3      | Killed Ijyb
  2031 | D:3      | Found a stormy altar of Qazlal.
  2086 | D:3      | Reached *** piety under Trog
  2166 | D:3      | Found a runed door.
  2170 | D:3      | Noticed Crazy Yiuf
  2175 | D:3      | Paralysed by Crazy Yiuf for 4 turns
  2182 | D:3      | Killed Crazy Yiuf
  2505 | D:4      | Noticed Grinder
  2505 | D:4      | Paralysed by Grinder for 6 turns
  2589 | D:4      | Paralysed by Grinder for 2 turns
  2593 | D:4      | Paralysed by Grinder for 6 turns
  2616 | D:4      | Killed Grinder
  2616 | D:4      | Reached XP level 7. HP: 40/71 MP: 6/6
  2628 | D:4      | Slain by an ogre

Skill      XL: |  1  2  3  4  5  6 |
---------------+-------------------+-----
Maces & Flails | 3 4 |  4.6
Fighting       | 3 4 |  4.5
Dodging        | 3 4 |  4.4

Action                   |  1- 3 |  4- 6 |  7- 9 || total
-------------------------+-------+-------+-------++-------
Melee: Mace              |   106 |   169 |     7 ||   282
 Fire: Hunting sling     |     3 |       |       ||     3
Invok: Berserk           |       |     2 |       ||     2
       Trog's Hand       |       |     2 |       ||     2
  Use: Scroll            |       |     8 |       ||     8
       Potion            |       |     7 |       ||     7
  Eat: Chunk             |    17 |    14 |       ||    31
Armor: Animal skin       |    56 |    89 |       ||   145
Dodge: Dodged            |    85 |   127 |     3 ||   215
